Match 41314876
Unlisted

Match 41314876
End
Vickers Machine Gun Team
Construct Section Command Post
Dingo Light Scout Car
Infantry Section
Infantry Section
Infantry Section
Construct Platoon Command Post
Grenade Package
Selects Canadian Shock Battlegroup
Selects Offensive Resupply
Selects Incendiary Munitions
Selects Canadian Shock Section
Humber Armored Car
6-pounder Anti-tank Gun Team
Construct Field Infirmary
Selects Pyrotechnics
Canadian Shock Section
Construct Company Command Post
Crusader II Medium Tank
Crusader II Medium Tank
Crusader II Medium Tank
STALKER4732
Devochkin
jonafrag
nierenbrei
0
0

Comments sign in to comment!

No comments posted yet!